[ PARTIDA AOE2 · #473660191 ]
UnrankedChinos vs Japanese
[ ANÁLISIS DE REPETICIÓN · EXTRAÍDO DE LA PARTIDA GRABADA ]
Feudal
13:49
Castillos
18:07
Imperial
39:26
| APM promedio | 38.5 |
| APM pico | 78 |
| eAPM promedio | 16.9 |
| Aldeanos / militares | 168 / 67 |
Foco
⚔️ 25.4% · 🌾 74.6%
Chu Ko Nu ×46 · Skirmisher ×15 · Fire Lancer ×5 · Monk ×1
Feudal
9:41
Castillos
21:34
Imperial
38:43
| APM promedio | 60.1 |
| APM pico | 91 |
| eAPM promedio | 35.2 |
| Aldeanos / militares | 169 / 106 |
Foco
⚔️ 50.7% · 🌾 49.3%
Spearman ×68 · Knight ×9 · Scorpion ×8 · Skirmisher ×8 · Scout Cavalry ×7 · Mangonel ×4
Feudal
10:31
Castillos
22:00
Imperial
33:17
| APM promedio | 61.4 |
| APM pico | 123 |
| eAPM promedio | 36.6 |
| Aldeanos / militares | 190 / 120 |
Foco
⚔️ 31.9% · 🌾 68.1%
Cavalry Archer ×98 · Trebuchet (Packed) ×9 · Archer ×4 · Skirmisher ×4 · Mangonel ×3 · Monk ×2
Feudal
11:21
Castillos
15:00
Imperial
37:41
| APM promedio | 50.7 |
| APM pico | 100 |
| eAPM promedio | 18.4 |
| Aldeanos / militares | 115 / 98 |
Foco
⚔️ 33.8% · 🌾 66.2%
Knight ×62 · Conquistador ×36 · Trade Cart ×8
Feudal
9:24
Castillos
27:58
Imperial
—
| APM promedio | 42.5 |
| APM pico | 98 |
| eAPM promedio | 22.7 |
| Aldeanos / militares | 181 / 18 |
Foco
⚔️ 20.4% · 🌾 79.6%
Archer ×8 · Militia ×5 · Skirmisher ×4 · Monk ×1
Feudal
11:04
Castillos
15:18
Imperial
35:34
| APM promedio | 36.1 |
| APM pico | 85 |
| eAPM promedio | 19.4 |
| Aldeanos / militares | 132 / 66 |
Foco
⚔️ 26.6% · 🌾 73.4%
Steppe Lancer ×48 · Iron Pagoda ×9 · Trebuchet (Packed) ×4 · Battering Ram ×2 · Unknown (1908) ×2 · Scorpion ×1
Feudal
20:51
Castillos
24:22
Imperial
—
| APM promedio | 31.0 |
| APM pico | 62 |
| eAPM promedio | 20.3 |
| Aldeanos / militares | 135 / 38 |
Foco
⚔️ 25.5% · 🌾 74.5%
Urumi Swordsman ×38
Feudal
22:10
Castillos
26:11
Imperial
—
| APM promedio | 42.6 |
| APM pico | 113 |
| eAPM promedio | 24.7 |
| Aldeanos / militares | 145 / 25 |
Foco
⚔️ 26.7% · 🌾 73.3%
Monk ×8 · Battering Ram ×7 · Mangonel ×3 · Spearman ×3 · Militia ×2 · Scorpion ×2
Mapa de la partida
Recursos iniciales + cada clic de construcción. Líneas = muros · curvas = relieve. ◆ oro · ⬟ piedra · ● bayas · ✦ reliquia · ◌ hueco del cierre
Tu base· ✓ Cerrada en 18:07 · 15t muro · 1 puerta(s)
Base de Hui· ✓ Cerrada en 21:34 · 47t muro · sin puerta
Base de PUB | Steak· Abierta — el rival se encerró
Base de Tusky· Abierta — el rival se encerró
Base de Cr0mo· ✓ Cerrada en 27:58 · 13t muro · 2 puerta(s)
Base de Nephthys123· Abierta — el rival se encerró
Base de CAPTAINKILL· ✓ Cerrada en 24:22 · 24t muro · 3 puerta(s)
Base de Aten· Abierta — el rival se encerró
Terreno inicial suavizado · ◌ = hueco del cierre detectado · pasá el cursor para detalles
Inputs por minuto
— s - - Hui
Build order — s
Primeras 150 de 362 acciones detectadas
| 0:07 | Investigar | Loom |
| 0:07 | Investigar | Loom |
| 0:58 | Crear | Villager (Male) |
| 0:58 | Crear | Villager (Male) |
| 0:59 | Crear | Villager (Male) |
| 1:27 | Crear | Villager (Male) |
| 1:27 | Crear | Villager (Male) |
| 1:28 | Crear | Villager (Male) |
| 1:52 | Crear | Villager (Male) |
| 1:52 | Crear | Villager (Male) |
| 1:52 | Crear | Villager (Male) |
| 2:21 | Crear | Villager (Male) |
| 2:21 | Crear | Villager (Male) |
| 2:46 | Crear | Villager (Male) |
| 2:47 | Crear | Villager (Male) |
| 3:03 | Construir | Lumber Camp |
| 3:08 | Crear | Villager (Male) |
| 3:08 | Crear | Villager (Male) |
| 3:34 | Crear | Villager (Male) |
| 3:34 | Crear | Villager (Male) |
| 3:59 | Construir | House |
| 4:31 | Construir | House |
| 4:33 | Crear | Villager (Male) |
| 4:34 | Crear | Villager (Male) |
| 4:34 | Crear | Villager (Male) |
| 4:59 | Construir | Palisade Wall |
| 5:00 | Construir | Palisade Wall |
| 5:02 | Construir | Palisade Wall |
| 5:10 | Crear | Villager (Male) |
| 5:10 | Crear | Villager (Male) |
| 5:17 | Construir | Palisade Wall |
| 5:21 | Construir | Palisade Wall |
| 5:58 | Crear | Villager (Male) |
| 6:06 | Crear | Villager (Male) |
| 6:18 | Crear | Villager (Male) |
| 6:18 | Crear | Villager (Male) |
| 6:35 | Crear | Villager (Male) |
| 6:52 | Crear | Villager (Male) |
| 6:53 | Crear | Villager (Male) |
| 7:08 | Construir | Palisade Wall |
| 7:16 | Crear | Villager (Male) |
| 7:16 | Crear | Villager (Male) |
| 7:31 | Construir | House |
| 7:32 | Crear | Villager (Male) |
| 7:32 | Crear | Villager (Male) |
| 7:59 | Crear | Villager (Male) |
| 8:07 | Construir | Mill |
| 8:13 | Construir | House |
| 8:36 | Construir | House |
| 8:40 | Construir | House |
| 8:41 | Crear | Villager (Male) |
| 9:08 | Construir | Mining Camp |
| 9:20 | Crear | Villager (Male) |
| 9:28 | Crear | Villager (Male) |
| 9:41 | Crear | Villager (Male) |
| 10:02 | Crear | Villager (Male) |
| 10:06 | Construir | House |
| 10:09 | Construir | Palisade Wall |
| 10:12 | Crear | Villager (Male) |
| 11:09 | Crear | Villager (Male) |
| 11:28 | Construir | House |
| 11:36 | Investigar | Feudal Age |
| 12:16 | Construir | House |
| 12:17 | Construir | House |
| 12:18 | Construir | House |
| 12:43 | Construir | Mining Camp |
| 12:47 | Construir | Mining Camp |
| 13:25 | Construir | Lumber Camp |
| 13:49 | Edad | Edad Feudal |
| 14:01 | Construir | Market |
| 14:09 | Construir | Blacksmith |
| 14:12 | Crear | Villager (Male) |
| 14:14 | Crear | Villager (Male) |
| 14:26 | Construir | House |
| 14:30 | Crear | Villager (Male) |
| 15:15 | Investigar | Castle Age |
| 15:16 | Investigar | Castle Age |
| 15:20 | Construir | Gate |
| 15:48 | Crear | Villager (Male) |
| 15:48 | Crear | Villager (Male) |
| 16:17 | Investigar | Double-Bit Axe |
| 16:47 | Investigar | Horse Collar |
| 17:10 | Construir | Stone Wall |
| 17:36 | Crear | Villager (Male) |
| 17:45 | Construir | Farm |
| 17:46 | Construir | Farm |
| 17:47 | Construir | Farm |
| 18:07 | Edad | Edad de los Castillos |
| 18:23 | Construir | Town Center |
| 18:27 | Construir | Town Center |
| 18:32 | Construir | Farm |
| 18:35 | Construir | Farm |
| 18:38 | Investigar | Heavy Plow |
| 19:22 | Construir | Stone Wall |
| 19:25 | Crear | Villager (Male) |
| 19:26 | Construir | Farm |
| 19:29 | Construir | Farm |
| 19:43 | Crear | Villager (Male) |
| 19:43 | Crear | Villager (Male) |
| 19:45 | Construir | Farm |
| 19:46 | Construir | Farm |
| 19:48 | Construir | Farm |
| 20:18 | Construir | Castle |
| 20:27 | Crear | Villager (Male) |
| 20:28 | Crear | Villager (Male) |
| 20:30 | Construir | Farm |
| 20:44 | Construir | Stone Wall |
| 20:45 | Construir | Stone Wall |
| 20:47 | Construir | Stone Wall |
| 20:48 | Crear | Villager (Male) |
| 20:48 | Crear | Villager (Male) |
| 20:58 | Construir | Farm |
| 21:00 | Construir | Farm |
| 21:06 | Construir | House |
| 21:10 | Construir | House |
| 21:25 | Construir | House |
| 21:29 | Crear | Villager (Male) |
| 21:30 | Investigar | Fletching |
| 21:30 | Investigar | Fletching |
| 21:33 | Construir | Farm |
| 21:48 | Construir | House |
| 21:50 | Crear | Chu Ko Nu |
| 21:51 | Crear | Chu Ko Nu |
| 22:02 | Construir | Lumber Camp |
| 22:06 | Crear | Villager (Male) |
| 22:07 | Crear | Villager (Male) |
| 22:11 | Crear | Villager (Male) |
| 22:19 | Crear | Chu Ko Nu |
| 22:20 | Crear | Villager (Male) |
| 22:34 | Crear | Villager (Male) |
| 22:45 | Crear | Chu Ko Nu |
| 22:45 | Crear | Chu Ko Nu |
| 22:51 | Crear | Villager (Male) |
| 23:06 | Crear | Chu Ko Nu |
| 23:08 | Crear | Villager (Male) |
| 23:11 | Construir | Farm |
| 23:16 | Construir | House |
| 23:18 | Construir | House |
| 23:20 | Construir | House |
| 23:30 | Construir | House |
| 23:32 | Construir | House |
| 23:34 | Construir | House |
| 23:45 | Crear | Villager (Male) |
| 23:45 | Crear | Villager (Male) |
| 23:48 | Crear | Chu Ko Nu ×3 |
| 24:30 | Investigar | Bodkin Arrow |
| 24:33 | Crear | Villager (Male) |
| 24:34 | Crear | Villager (Male) |
| 24:35 | Crear | Villager (Male) |
| 24:50 | Crear | Chu Ko Nu |
Build order — Hui
Primeras 150 de 481 acciones detectadas
| 0:01 | Crear | Villager (Male) |
| 0:01 | Crear | Villager (Male) |
| 0:03 | Construir | House |
| 0:05 | Construir | House |
| 0:13 | Crear | Villager (Male) |
| 0:19 | Crear | Villager (Male) |
| 0:19 | Crear | Villager (Male) |
| 1:19 | Crear | Villager (Male) |
| 1:19 | Crear | Villager (Male) |
| 1:53 | Crear | Villager (Male) |
| 1:53 | Crear | Villager (Male) |
| 2:09 | Crear | Villager (Male) |
| 2:35 | Crear | Villager (Male) |
| 2:36 | Crear | Villager (Male) |
| 3:03 | Crear | Villager (Male) |
| 3:03 | Crear | Villager (Male) |
| 3:04 | Crear | Villager (Male) |
| 3:23 | Crear | Villager (Male) |
| 3:23 | Crear | Villager (Male) |
| 3:49 | Crear | Villager (Male) |
| 3:50 | Crear | Villager (Male) |
| 4:20 | Crear | Villager (Male) |
| 4:34 | Crear | Villager (Male) |
| 4:35 | Crear | Villager (Male) |
| 4:43 | Construir | Lumber Camp |
| 4:55 | Construir | House |
| 5:46 | Construir | Mill |
| 5:53 | Crear | Villager (Male) |
| 5:54 | Crear | Villager (Male) |
| 6:33 | Investigar | Loom |
| 7:09 | Investigar | Feudal Age |
| 7:09 | Investigar | Feudal Age |
| 7:35 | Crear | Villager (Male) |
| 8:15 | Construir | House |
| 8:27 | Construir | Barracks |
| 9:41 | Edad | Edad Feudal |
| 9:42 | Construir | House |
| 9:44 | Construir | Stable |
| 9:48 | Investigar | Double-Bit Axe |
| 9:48 | Investigar | Double-Bit Axe |
| 9:49 | Crear | Villager (Male) |
| 10:25 | Crear | Scout Cavalry |
| 10:28 | Construir | House |
| 10:31 | Crear | Villager (Male) |
| 10:44 | Crear | Scout Cavalry |
| 10:56 | Crear | Villager (Male) |
| 11:14 | Crear | Villager (Male) |
| 11:30 | Crear | Scout Cavalry |
| 11:33 | Crear | Villager (Male) |
| 12:09 | Crear | Villager (Male) |
| 12:17 | Crear | Scout Cavalry |
| 12:24 | Construir | Stone Wall |
| 12:32 | Crear | Villager (Male) |
| 12:39 | Construir | Stone Wall |
| 12:43 | Construir | Stone Wall |
| 12:48 | Construir | Farm |
| 12:49 | Construir | Farm |
| 12:52 | Investigar | Horse Collar |
| 13:02 | Crear | Villager (Male) |
| 13:03 | Crear | Villager (Male) |
| 13:11 | Construir | Farm |
| 13:25 | Construir | Farm |
| 13:38 | Construir | Farm |
| 13:39 | Construir | Farm |
| 13:47 | Crear | Villager (Male) |
| 13:47 | Crear | Villager (Male) |
| 13:58 | Construir | Farm |
| 14:10 | Construir | Farm |
| 14:12 | Construir | Farm |
| 14:16 | Crear | Villager (Male) |
| 14:20 | Construir | Farm |
| 14:24 | Construir | Farm |
| 14:26 | Construir | Farm |
| 14:31 | Crear | Spearman |
| 14:44 | Construir | Farm |
| 14:45 | Crear | Villager (Male) |
| 14:49 | Construir | Mining Camp |
| 15:01 | Crear | Villager (Male) |
| 15:25 | Construir | Mining Camp |
| 15:25 | Crear | Villager (Male) |
| 15:28 | Construir | Farm |
| 15:29 | Construir | Farm |
| 15:43 | Investigar | Wheelbarrow |
| 15:47 | Construir | House |
| 16:11 | Crear | Villager (Male) |
| 16:26 | Construir | House |
| 16:28 | Construir | House |
| 16:40 | Construir | Blacksmith |
| 17:04 | Crear | Villager (Male) |
| 17:53 | Construir | Stone Wall |
| 17:55 | Crear | Villager (Male) |
| 18:10 | Construir | Stone Wall |
| 18:21 | Construir | Stone Wall |
| 18:26 | Construir | Stone Wall |
| 18:29 | Crear | Villager (Male) |
| 18:38 | Investigar | Castle Age |
| 18:38 | Investigar | Castle Age |
| 18:45 | Construir | Stone Wall |
| 18:47 | Crear | Spearman |
| 18:57 | Construir | Stone Wall |
| 19:01 | Construir | Stone Wall |
| 19:03 | Crear | Spearman |
| 19:11 | Construir | House |
| 19:12 | Crear | Spearman |
| 19:25 | Crear | Spearman |
| 19:29 | Investigar | Scale Mail Armor |
| 19:30 | Investigar | Scale Mail Armor |
| 19:32 | Crear | Villager (Male) |
| 19:47 | Crear | Spearman |
| 19:58 | Crear | Scout Cavalry |
| 20:31 | Crear | Scout Cavalry |
| 20:31 | Crear | Spearman |
| 20:44 | Crear | Spearman |
| 21:10 | Construir | Barracks |
| 21:20 | Crear | Spearman |
| 21:34 | Edad | Edad de los Castillos |
| 21:39 | Crear | Knight |
| 21:40 | Crear | Spearman |
| 21:41 | Crear | Villager (Male) |
| 21:46 | Construir | Town Center |
| 22:07 | Crear | Spearman |
| 22:09 | Crear | Villager (Male) |
| 22:23 | Crear | Villager (Male) |
| 22:39 | Crear | Villager (Male) |
| 22:44 | Crear | Knight |
| 22:45 | Crear | Spearman |
| 22:47 | Crear | Villager (Male) |
| 23:09 | Crear | Villager (Male) |
| 23:10 | Crear | Villager (Male) |
| 23:10 | Crear | Villager (Male) |
| 23:18 | Crear | Villager (Male) |
| 23:26 | Crear | Knight |
| 23:29 | Crear | Villager (Male) |
| 23:31 | Construir | Farm |
| 23:33 | Construir | Farm |
| 23:34 | Construir | Farm |
| 23:37 | Investigar | Bow Saw |
| 23:38 | Investigar | Bow Saw |
| 23:39 | Crear | Villager (Male) |
| 23:39 | Crear | Villager (Male) |
| 23:41 | Construir | Town Center |
| 23:52 | Crear | Spearman |
| 23:55 | Crear | Villager (Male) |
| 23:57 | Construir | Lumber Camp |
| 23:58 | Crear | Villager (Male) |
| 24:04 | Crear | Spearman |
| 24:07 | Crear | Villager (Male) |
| 24:12 | Construir | Stone Wall |
| 24:27 | Crear | Knight |
| 24:29 | Crear | Villager (Male) |
Build order — PUB | Steak
Primeras 150 de 470 acciones detectadas
| 0:01 | Crear | Villager (Male) |
| 0:01 | Crear | Villager (Male) |
| 0:01 | Crear | Villager (Male) |
| 0:02 | Crear | Villager (Male) |
| 0:03 | Construir | House |
| 0:04 | Construir | House |
| 1:40 | Crear | Villager (Male) |
| 2:03 | Construir | House |
| 2:07 | Construir | Palisade Wall |
| 2:07 | Construir | Palisade Wall |
| 2:13 | Construir | Palisade Wall |
| 2:13 | Construir | Palisade Wall |
| 2:19 | Construir | Palisade Wall |
| 2:22 | Crear | Villager (Male) |
| 2:23 | Crear | Villager (Male) |
| 2:25 | Construir | Lumber Camp |
| 3:02 | Crear | Villager (Male) |
| 3:20 | Crear | Villager (Male) |
| 3:21 | Crear | Villager (Male) |
| 4:05 | Construir | House |
| 4:05 | Crear | Villager (Male) |
| 4:06 | Crear | Villager (Male) |
| 4:06 | Crear | Villager (Male) |
| 4:10 | Construir | House |
| 4:25 | Construir | Palisade Wall |
| 4:26 | Construir | Palisade Wall |
| 4:27 | Construir | Palisade Wall |
| 4:28 | Construir | Palisade Wall |
| 4:52 | Crear | Villager (Male) |
| 4:55 | Crear | Villager (Male) |
| 4:55 | Investigar | Loom |
| 4:55 | Crear | Villager (Male) |
| 4:57 | Crear | Villager (Male) |
| 4:58 | Crear | Villager (Male) |
| 5:05 | Construir | Palisade Wall |
| 5:08 | Construir | Palisade Wall |
| 5:25 | Crear | Villager (Male) |
| 5:51 | Crear | Villager (Male) |
| 5:54 | Construir | Palisade Wall |
| 5:58 | Crear | Villager (Male) |
| 6:11 | Construir | Palisade Wall |
| 6:15 | Crear | Villager (Male) |
| 6:22 | Crear | Villager (Male) |
| 6:34 | Construir | Mill |
| 6:45 | Crear | Villager (Male) |
| 6:58 | Crear | Villager (Male) |
| 7:10 | Crear | Villager (Male) |
| 7:23 | Crear | Villager (Male) |
| 7:36 | Construir | Palisade Wall |
| 7:37 | Construir | Palisade Wall |
| 7:49 | Crear | Villager (Male) |
| 8:18 | Construir | Barracks |
| 8:21 | Investigar | Feudal Age |
| 8:48 | Construir | Palisade Wall |
| 8:52 | Construir | Palisade Wall |
| 8:59 | Construir | Palisade Wall |
| 9:01 | Construir | Palisade Wall |
| 9:06 | Construir | Palisade Wall |
| 9:08 | Construir | Palisade Wall |
| 9:09 | Construir | Palisade Wall |
| 9:26 | Construir | Mining Camp |
| 9:31 | Crear | Villager (Male) |
| 9:36 | Construir | Palisade Wall |
| 9:39 | Construir | Palisade Wall |
| 9:55 | Construir | Palisade Wall |
| 9:55 | Construir | Palisade Wall |
| 10:12 | Construir | Palisade Wall |
| 10:15 | Crear | Villager (Male) |
| 10:28 | Construir | Outpost |
| 10:31 | Edad | Edad Feudal |
| 10:35 | Crear | Villager (Male) |
| 10:48 | Construir | Archery Range |
| 11:13 | Crear | Archer |
| 11:16 | Construir | House |
| 11:19 | Crear | Villager (Male) |
| 11:22 | Investigar | Double-Bit Axe |
| 11:39 | Crear | Archer |
| 11:40 | Crear | Villager (Male) |
| 11:50 | Construir | House |
| 12:06 | Crear | Archer |
| 12:08 | Crear | Villager (Male) |
| 12:34 | Construir | House |
| 12:36 | Crear | Villager (Male) |
| 12:40 | Crear | Archer |
| 12:47 | Crear | Villager (Male) |
| 13:01 | Construir | Blacksmith |
| 13:05 | Crear | Skirmisher |
| 13:26 | Construir | Palisade Wall |
| 13:37 | Crear | Skirmisher |
| 13:55 | Construir | Farm |
| 13:55 | Construir | Farm |
| 13:55 | Construir | Farm |
| 13:56 | Construir | Farm |
| 14:00 | Crear | Villager (Male) |
| 14:00 | Crear | Villager (Male) |
| 14:31 | Construir | Farm |
| 14:34 | Construir | Farm |
| 14:34 | Crear | Villager (Male) |
| 14:35 | Crear | Villager (Male) |
| 15:00 | Construir | Farm |
| 15:01 | Crear | Villager (Male) |
| 15:01 | Crear | Villager (Male) |
| 15:16 | Crear | Villager (Male) |
| 15:24 | Crear | Villager (Male) |
| 15:47 | Crear | Villager (Male) |
| 15:51 | Construir | Farm |
| 15:51 | Construir | Farm |
| 15:51 | Construir | Farm |
| 15:52 | Construir | Farm |
| 16:00 | Crear | Villager (Male) |
| 16:16 | Crear | Skirmisher |
| 16:17 | Crear | Skirmisher |
| 16:21 | Crear | Villager (Male) |
| 16:26 | Construir | Farm |
| 16:40 | Construir | Farm |
| 16:41 | Construir | Farm |
| 16:42 | Construir | Farm |
| 16:43 | Construir | Farm |
| 16:44 | Investigar | Horse Collar |
| 16:54 | Crear | Villager (Male) |
| 17:16 | Crear | Villager (Male) |
| 17:43 | Construir | Market |
| 17:45 | Crear | Villager (Male) |
| 18:21 | Construir | Lumber Camp |
| 18:45 | Crear | Villager (Male) |
| 18:50 | Construir | House |
| 19:20 | Investigar | Castle Age |
| 19:21 | Investigar | Castle Age |
| 19:37 | Crear | Villager (Male) |
| 19:46 | Crear | Villager (Male) |
| 20:13 | Crear | Villager (Male) |
| 21:09 | Crear | Villager (Male) |
| 21:15 | Investigar | Wheelbarrow |
| 21:15 | Investigar | Wheelbarrow |
| 21:30 | Construir | House |
| 22:00 | Edad | Edad de los Castillos |
| 22:03 | Crear | Villager (Male) |
| 22:04 | Construir | Town Center |
| 22:06 | Construir | Town Center |
| 22:09 | Construir | Town Center |
| 22:11 | Investigar | Bow Saw |
| 22:14 | Investigar | Heavy Plow |
| 22:17 | Crear | Villager (Male) |
| 22:34 | Crear | Villager (Male) |
| 22:39 | Construir | Lumber Camp |
| 22:44 | Crear | Villager (Male) |
| 22:53 | Crear | Villager (Male) |
| 23:05 | Crear | Villager (Male) |
| 23:17 | Investigar | Hand Cart |
| 23:18 | Investigar | Hand Cart |
Build order — Tusky
Primeras 150 de 374 acciones detectadas
| 0:01 | Crear | Villager (Male) |
| 0:01 | Crear | Villager (Male) |
| 0:01 | Crear | Villager (Male) |
| 0:02 | Construir | House |
| 0:03 | Construir | House |
| 0:10 | Crear | Villager (Male) |
| 1:15 | Crear | Villager (Male) |
| 1:45 | Crear | Villager (Male) |
| 2:02 | Construir | Lumber Camp |
| 2:27 | Crear | Villager (Male) |
| 2:40 | Crear | Villager (Male) |
| 3:04 | Crear | Villager (Male) |
| 3:29 | Crear | Villager (Male) |
| 3:34 | Construir | House |
| 3:52 | Crear | Villager (Male) |
| 4:18 | Crear | Villager (Male) |
| 4:32 | Crear | Villager (Male) |
| 5:08 | Construir | Mill |
| 5:10 | Construir | House |
| 5:15 | Crear | Villager (Male) |
| 5:34 | Crear | Villager (Male) |
| 5:55 | Crear | Villager (Male) |
| 6:23 | Crear | Villager (Male) |
| 6:24 | Crear | Villager (Male) |
| 7:16 | Crear | Villager (Male) |
| 7:20 | Construir | Farm |
| 7:23 | Construir | Farm |
| 7:24 | Construir | Farm |
| 7:28 | Crear | Villager (Male) |
| 8:06 | Crear | Villager (Male) |
| 8:28 | Construir | Mining Camp |
| 8:46 | Investigar | Loom |
| 8:47 | Investigar | Feudal Age |
| 8:57 | Construir | House |
| 10:08 | Construir | Palisade Wall |
| 11:21 | Edad | Edad Feudal |
| 11:24 | Crear | Villager (Male) |
| 11:24 | Crear | Villager (Male) |
| 11:25 | Construir | Market |
| 11:38 | Construir | Blacksmith |
| 12:20 | Investigar | Castle Age |
| 12:53 | Construir | Mining Camp |
| 13:44 | Crear | Villager (Male) |
| 14:51 | Crear | Villager (Male) |
| 14:52 | Crear | Villager (Male) |
| 15:00 | Edad | Edad de los Castillos |
| 15:37 | Construir | Castle |
| 16:03 | Construir | Stone Wall |
| 16:04 | Crear | Villager (Male) |
| 16:08 | Construir | House |
| 16:19 | Investigar | Double-Bit Axe |
| 16:23 | Investigar | Horse Collar |
| 16:25 | Crear | Villager (Male) |
| 16:25 | Crear | Villager (Male) |
| 16:38 | Construir | Stone Wall |
| 16:48 | Crear | Villager (Male) |
| 16:52 | Construir | House |
| 16:58 | Crear | Conquistador |
| 16:59 | Crear | Conquistador |
| 17:00 | Crear | Conquistador |
| 17:06 | Construir | Lumber Camp |
| 17:19 | Crear | Villager (Male) |
| 17:41 | Crear | Conquistador |
| 18:29 | Crear | Conquistador |
| 18:32 | Construir | Farm |
| 18:32 | Construir | Farm |
| 18:33 | Construir | Farm |
| 18:33 | Construir | Farm |
| 18:33 | Construir | Farm |
| 18:39 | Construir | Stone Wall |
| 18:41 | Construir | Stone Wall |
| 18:51 | Construir | Stone Wall |
| 19:01 | Crear | Villager (Male) |
| 19:03 | Crear | Villager (Male) |
| 19:04 | Crear | Villager (Male) |
| 19:20 | Construir | Stone Wall |
| 19:21 | Construir | Stone Wall |
| 19:33 | Crear | Conquistador |
| 19:33 | Crear | Conquistador |
| 19:44 | Construir | Stone Wall |
| 19:53 | Crear | Villager (Male) |
| 20:07 | Crear | Conquistador |
| 20:07 | Crear | Conquistador |
| 20:09 | Crear | Villager (Male) |
| 20:14 | Construir | Farm |
| 20:15 | Construir | Farm |
| 20:15 | Construir | Farm |
| 20:15 | Construir | Farm |
| 20:20 | Crear | Villager (Male) |
| 20:32 | Investigar | Bow Saw |
| 20:40 | Crear | Conquistador |
| 20:40 | Crear | Conquistador |
| 20:45 | Crear | Villager (Male) |
| 21:10 | Crear | Conquistador |
| 21:14 | Construir | House |
| 21:14 | Construir | House |
| 21:14 | Crear | Villager (Male) |
| 21:18 | Construir | Farm |
| 21:18 | Construir | Farm |
| 21:29 | Construir | Farm |
| 21:43 | Crear | Villager (Male) |
| 21:59 | Crear | Villager (Male) |
| 22:19 | Crear | Conquistador |
| 22:19 | Crear | Conquistador |
| 22:48 | Crear | Conquistador |
| 22:49 | Crear | Conquistador |
| 22:49 | Crear | Conquistador |
| 23:05 | Crear | Villager (Male) |
| 23:05 | Crear | Villager (Male) |
| 23:10 | Construir | Town Center |
| 23:11 | Construir | Farm |
| 23:11 | Construir | Farm |
| 23:11 | Construir | Farm |
| 23:11 | Construir | Farm |
| 23:12 | Construir | Farm |
| 23:12 | Construir | Farm |
| 23:12 | Construir | Farm |
| 23:18 | Construir | House |
| 23:18 | Construir | House |
| 23:30 | Crear | Villager (Male) |
| 23:30 | Crear | Villager (Male) |
| 23:39 | Crear | Villager (Male) |
| 23:43 | Construir | House |
| 23:49 | Crear | Villager (Male) |
| 24:16 | Crear | Villager (Male) |
| 24:22 | Crear | Villager (Male) |
| 24:24 | Construir | Farm |
| 24:24 | Construir | Farm |
| 24:25 | Construir | Farm |
| 24:31 | Crear | Villager (Male) |
| 24:42 | Construir | Lumber Camp |
| 24:48 | Crear | Villager (Male) |
| 24:50 | Construir | Farm |
| 24:55 | Crear | Conquistador |
| 25:09 | Construir | Mill |
| 25:10 | Construir | Farm |
| 25:10 | Construir | Farm |
| 25:10 | Construir | Farm |
| 25:11 | Construir | Farm |
| 25:11 | Construir | Farm |
| 25:34 | Crear | Villager (Male) |
| 25:55 | Crear | Villager (Male) |
| 25:58 | Crear | Villager (Male) |
| 25:58 | Crear | Villager (Male) |
| 26:29 | Crear | Villager (Male) |
| 26:37 | Crear | Conquistador |
| 26:37 | Crear | Conquistador |
| 26:38 | Crear | Villager (Male) |
| 26:41 | Construir | Town Center |
| 26:57 | Crear | Villager (Male) |
Build order — Cr0mo
Primeras 150 de 380 acciones detectadas
| 0:01 | Crear | Villager (Male) |
| 0:01 | Crear | Villager (Male) |
| 0:02 | Crear | Villager (Male) |
| 0:03 | Construir | House |
| 0:04 | Construir | House |
| 0:09 | Crear | Villager (Male) |
| 0:21 | Investigar | Loom |
| 0:22 | Crear | Villager (Male) |
| 0:22 | Crear | Villager (Male) |
| 0:22 | Crear | Villager (Male) |
| 0:22 | Crear | Villager (Male) |
| 1:16 | Construir | Palisade Wall |
| 1:18 | Construir | Palisade Wall |
| 1:38 | Crear | Villager (Male) |
| 1:38 | Crear | Villager (Male) |
| 1:52 | Construir | Lumber Camp |
| 2:08 | Crear | Villager (Male) |
| 2:08 | Crear | Villager (Male) |
| 2:09 | Crear | Villager (Male) |
| 2:32 | Crear | Villager (Male) |
| 2:58 | Crear | Villager (Male) |
| 2:58 | Crear | Villager (Male) |
| 3:25 | Crear | Villager (Male) |
| 3:53 | Crear | Villager (Male) |
| 3:54 | Crear | Villager (Male) |
| 4:02 | Construir | House |
| 4:14 | Crear | Villager (Male) |
| 4:14 | Crear | Villager (Male) |
| 4:39 | Crear | Villager (Male) |
| 4:39 | Crear | Villager (Male) |
| 4:58 | Crear | Villager (Male) |
| 5:34 | Crear | Villager (Male) |
| 5:57 | Crear | Villager (Male) |
| 6:19 | Construir | Barracks |
| 6:25 | Crear | Villager (Male) |
| 7:14 | Investigar | Feudal Age |
| 7:14 | Investigar | Feudal Age |
| 7:15 | Construir | Mining Camp |
| 7:32 | Crear | Militia |
| 7:33 | Crear | Militia |
| 7:37 | Construir | House |
| 8:10 | Crear | Militia |
| 8:32 | Crear | Militia |
| 8:32 | Crear | Militia |
| 8:38 | Crear | Villager (Male) |
| 8:38 | Crear | Villager (Male) |
| 8:42 | Construir | Mill |
| 9:14 | Crear | Villager (Male) |
| 9:24 | Edad | Edad Feudal |
| 9:31 | Investigar | Man-at-Arms (upgrade) |
| 9:31 | Investigar | Man-at-Arms (upgrade) |
| 9:40 | Construir | Farm |
| 10:09 | Construir | Archery Range |
| 10:16 | Crear | Villager (Male) |
| 10:16 | Crear | Villager (Male) |
| 10:20 | Construir | House |
| 10:44 | Construir | Palisade Gate |
| 10:55 | Crear | Villager (Male) |
| 11:00 | Construir | House |
| 11:03 | Crear | Archer |
| 11:04 | Crear | Archer |
| 11:08 | Construir | House |
| 11:13 | Construir | Palisade Wall |
| 11:14 | Crear | Villager (Male) |
| 11:23 | Crear | Archer |
| 11:25 | Crear | Villager (Male) |
| 11:26 | Construir | House |
| 11:32 | Construir | House |
| 12:15 | Crear | Villager (Male) |
| 12:17 | Crear | Archer |
| 12:19 | Construir | House |
| 12:20 | Crear | Villager (Male) |
| 12:26 | Construir | House |
| 12:41 | Crear | Villager (Male) |
| 12:50 | Crear | Archer |
| 13:15 | Construir | Blacksmith |
| 13:38 | Crear | Villager (Male) |
| 13:38 | Crear | Archer |
| 13:57 | Crear | Archer |
| 14:00 | Investigar | Fletching |
| 14:00 | Investigar | Fletching |
| 14:03 | Crear | Archer |
| 14:07 | Construir | House |
| 14:08 | Crear | Villager (Male) |
| 14:08 | Crear | Villager (Male) |
| 14:08 | Crear | Villager (Male) |
| 14:25 | Crear | Skirmisher |
| 14:25 | Crear | Skirmisher |
| 14:40 | Construir | Farm |
| 14:50 | Crear | Skirmisher |
| 14:56 | Construir | House |
| 14:57 | Construir | Palisade Gate |
| 15:03 | Crear | Villager (Male) |
| 15:06 | Crear | Villager (Male) |
| 15:22 | Crear | Villager (Male) |
| 15:23 | Construir | Farm |
| 15:33 | Construir | Farm |
| 15:46 | Crear | Skirmisher |
| 15:47 | Crear | Villager (Male) |
| 16:25 | Investigar | Horse Collar |
| 16:28 | Construir | Farm |
| 16:55 | Construir | Farm |
| 16:56 | Crear | Villager (Male) |
| 17:02 | Construir | House |
| 17:02 | Construir | House |
| 17:03 | Construir | House |
| 17:13 | Construir | House |
| 17:18 | Construir | House |
| 17:22 | Construir | House |
| 17:26 | Construir | House |
| 17:26 | Crear | Villager (Male) |
| 17:30 | Construir | Farm |
| 17:31 | Construir | Farm |
| 17:38 | Construir | Lumber Camp |
| 17:56 | Crear | Villager (Male) |
| 17:56 | Crear | Villager (Male) |
| 17:57 | Construir | House |
| 18:07 | Construir | House |
| 18:19 | Crear | Villager (Male) |
| 18:41 | Crear | Villager (Male) |
| 18:56 | Construir | House |
| 18:58 | Construir | House |
| 19:01 | Construir | House |
| 19:03 | Crear | Villager (Male) |
| 19:05 | Construir | Farm |
| 19:07 | Construir | Farm |
| 19:09 | Construir | Farm |
| 19:19 | Construir | House |
| 19:21 | Construir | Palisade Wall |
| 19:22 | Construir | Palisade Wall |
| 19:27 | Crear | Villager (Male) |
| 19:47 | Crear | Villager (Male) |
| 19:49 | Construir | Farm |
| 20:17 | Construir | House |
| 20:19 | Construir | House |
| 20:20 | Crear | Villager (Male) |
| 20:23 | Construir | House |
| 20:25 | Construir | House |
| 20:27 | Crear | Villager (Male) |
| 20:31 | Construir | Farm |
| 20:49 | Crear | Villager (Male) |
| 20:53 | Construir | Farm |
| 21:18 | Construir | Farm |
| 21:19 | Construir | Farm |
| 21:21 | Crear | Villager (Male) |
| 22:01 | Construir | Watch Tower |
| 22:09 | Construir | Farm |
| 22:10 | Construir | Farm |
| 22:11 | Crear | Villager (Male) |
| 22:32 | Construir | House |
Build order — Nephthys123
Primeras 150 de 327 acciones detectadas
| 0:01 | Crear | Villager (Male) |
| 0:01 | Crear | Villager (Male) |
| 0:02 | Construir | House |
| 0:04 | Construir | House |
| 0:37 | Crear | Villager (Male) |
| 0:44 | Crear | Villager (Male) |
| 1:25 | Crear | Villager (Male) |
| 2:00 | Construir | Lumber Camp |
| 2:05 | Crear | Villager (Male) |
| 2:05 | Crear | Villager (Male) |
| 2:22 | Crear | Villager (Male) |
| 2:54 | Crear | Villager (Male) |
| 2:54 | Crear | Villager (Male) |
| 3:16 | Crear | Villager (Male) |
| 3:37 | Crear | Villager (Male) |
| 3:50 | Crear | Villager (Male) |
| 3:57 | Construir | House |
| 4:24 | Construir | Mill |
| 4:33 | Construir | Mill |
| 4:39 | Crear | Villager (Male) |
| 4:39 | Crear | Villager (Male) |
| 4:56 | Crear | Villager (Male) |
| 5:30 | Crear | Villager (Male) |
| 5:30 | Crear | Villager (Male) |
| 5:34 | Construir | House |
| 5:52 | Crear | Villager (Male) |
| 6:38 | Construir | Mining Camp |
| 7:14 | Crear | Villager (Male) |
| 7:14 | Crear | Villager (Male) |
| 7:51 | Crear | Villager (Male) |
| 7:57 | Crear | Villager (Male) |
| 8:19 | Investigar | Feudal Age |
| 9:45 | Construir | Barracks |
| 10:13 | Crear | Villager (Male) |
| 10:18 | Construir | House |
| 11:04 | Edad | Edad Feudal |
| 11:06 | Construir | Stable |
| 11:12 | Construir | Blacksmith |
| 11:14 | Crear | Villager (Male) |
| 12:38 | Investigar | Castle Age |
| 12:38 | Investigar | Castle Age |
| 12:42 | Construir | House |
| 13:29 | Crear | Spearman |
| 13:42 | Construir | Farm |
| 13:42 | Construir | Farm |
| 13:49 | Crear | Scout Cavalry |
| 14:26 | Investigar | Bloodlines |
| 14:31 | Construir | Farm |
| 14:31 | Construir | Farm |
| 14:32 | Construir | Farm |
| 14:32 | Construir | Farm |
| 14:32 | Construir | Farm |
| 14:54 | Construir | House |
| 15:18 | Edad | Edad de los Castillos |
| 15:24 | Crear | Steppe Lancer |
| 15:25 | Crear | Villager (Male) |
| 15:25 | Crear | Villager (Male) |
| 15:31 | Construir | Farm |
| 15:31 | Construir | Farm |
| 15:31 | Construir | Farm |
| 15:32 | Construir | Farm |
| 15:58 | Construir | Siege Workshop |
| 16:09 | Investigar | Loom |
| 16:17 | Crear | Villager (Male) |
| 16:24 | Crear | Villager (Male) |
| 17:21 | Crear | Villager (Male) |
| 17:40 | Crear | Villager (Male) |
| 17:41 | Construir | Farm |
| 17:45 | Investigar | Double-Bit Axe |
| 17:46 | Investigar | Horse Collar |
| 17:58 | Crear | Battering Ram |
| 17:58 | Crear | Battering Ram |
| 18:23 | Construir | House |
| 18:29 | Crear | Villager (Male) |
| 18:29 | Crear | Villager (Male) |
| 18:48 | Crear | Iron Pagoda |
| 19:09 | Crear | Steppe Lancer |
| 19:09 | Crear | Steppe Lancer |
| 19:10 | Crear | Villager (Male) |
| 19:13 | Construir | House |
| 19:27 | Crear | Villager (Male) |
| 19:56 | Crear | Villager (Male) |
| 19:58 | Crear | Steppe Lancer |
| 19:59 | Crear | Steppe Lancer |
| 20:32 | Crear | Villager (Male) |
| 20:37 | Construir | House |
| 20:41 | Construir | Town Center |
| 21:03 | Crear | Steppe Lancer |
| 21:04 | Crear | Villager (Male) |
| 21:04 | Crear | Villager (Male) |
| 21:06 | Crear | Iron Pagoda |
| 21:24 | Construir | House |
| 21:24 | Crear | Villager (Male) |
| 21:31 | Crear | Steppe Lancer |
| 21:31 | Crear | Steppe Lancer |
| 21:57 | Crear | Villager (Male) |
| 21:57 | Crear | Villager (Male) |
| 21:59 | Crear | Iron Pagoda |
| 22:04 | Construir | House |
| 22:07 | Construir | Farm |
| 22:07 | Construir | Farm |
| 22:08 | Construir | Farm |
| 22:08 | Construir | Farm |
| 22:08 | Construir | Farm |
| 22:09 | Construir | Farm |
| 22:09 | Construir | Farm |
| 22:09 | Construir | Farm |
| 22:59 | Crear | Steppe Lancer |
| 23:00 | Crear | Steppe Lancer |
| 23:00 | Crear | Villager (Male) |
| 23:01 | Crear | Villager (Male) |
| 23:05 | Construir | Farm |
| 23:05 | Construir | Farm |
| 23:05 | Construir | Farm |
| 23:28 | Crear | Villager (Male) |
| 23:28 | Crear | Villager (Male) |
| 23:41 | Crear | Steppe Lancer |
| 23:42 | Crear | Villager (Male) |
| 23:42 | Crear | Villager (Male) |
| 24:08 | Crear | Villager (Male) |
| 24:22 | Construir | Town Center |
| 24:30 | Construir | Mining Camp |
| 24:36 | Construir | Town Center |
| 24:40 | Crear | Villager (Male) |
| 24:46 | Crear | Steppe Lancer |
| 25:16 | Crear | Scorpion |
| 25:34 | Crear | Iron Pagoda |
| 25:39 | Crear | Villager (Male) |
| 25:39 | Crear | Villager (Male) |
| 25:40 | Crear | Villager (Male) |
| 26:10 | Crear | Villager (Male) |
| 26:10 | Crear | Villager (Male) |
| 26:33 | Crear | Steppe Lancer |
| 26:33 | Crear | Steppe Lancer |
| 26:34 | Crear | Villager (Male) |
| 26:36 | Crear | Iron Pagoda |
| 26:56 | Construir | Farm |
| 26:56 | Crear | Villager (Male) |
| 26:56 | Crear | Villager (Male) |
| 27:06 | Crear | Villager (Male) |
| 27:09 | Crear | Steppe Lancer |
| 27:40 | Crear | Villager (Male) |
| 27:40 | Crear | Villager (Male) |
| 27:41 | Crear | Villager (Male) |
| 27:55 | Crear | Steppe Lancer |
| 27:55 | Crear | Steppe Lancer |
| 27:56 | Crear | Villager (Male) |
| 28:24 | Crear | Iron Pagoda |
| 28:25 | Crear | Villager (Male) |
| 28:25 | Crear | Villager (Male) |
Build order — CAPTAINKILL
Primeras 150 de 295 acciones detectadas
| 0:02 | Crear | Villager (Male) |
| 0:03 | Construir | House |
| 0:03 | Construir | House |
| 0:10 | Investigar | Loom |
| 0:11 | Investigar | Loom |
| 0:11 | Investigar | Loom |
| 0:11 | Crear | Villager (Male) |
| 0:11 | Crear | Villager (Male) |
| 0:12 | Crear | Villager (Male) |
| 0:12 | Crear | Villager (Male) |
| 1:52 | Crear | Villager (Male) |
| 2:05 | Construir | Lumber Camp |
| 2:18 | Crear | Villager (Male) |
| 2:50 | Crear | Villager (Male) |
| 2:54 | Construir | House |
| 2:56 | Construir | House |
| 3:41 | Crear | Villager (Male) |
| 4:01 | Crear | Villager (Male) |
| 4:01 | Crear | Villager (Male) |
| 4:19 | Crear | Villager (Male) |
| 4:48 | Crear | Villager (Male) |
| 5:15 | Crear | Villager (Male) |
| 5:34 | Crear | Villager (Male) |
| 5:51 | Crear | Villager (Male) |
| 5:54 | Construir | Palisade Wall |
| 5:56 | Construir | Palisade Wall |
| 6:00 | Construir | Palisade Wall |
| 6:11 | Construir | Palisade Wall |
| 6:17 | Crear | Villager (Male) |
| 6:28 | Construir | Palisade Wall |
| 6:41 | Construir | House |
| 6:44 | Crear | Villager (Male) |
| 6:45 | Crear | Villager (Male) |
| 7:26 | Crear | Villager (Male) |
| 7:43 | Construir | Palisade Wall |
| 7:47 | Crear | Villager (Male) |
| 7:47 | Crear | Villager (Male) |
| 7:51 | Crear | Villager (Male) |
| 8:10 | Construir | House |
| 8:33 | Crear | Villager (Male) |
| 8:33 | Crear | Villager (Male) |
| 8:33 | Crear | Villager (Male) |
| 8:54 | Crear | Villager (Male) |
| 8:54 | Crear | Villager (Male) |
| 9:20 | Construir | Palisade Gate |
| 9:36 | Construir | Palisade Gate |
| 9:46 | Construir | House |
| 10:26 | Construir | Palisade Wall |
| 11:03 | Crear | Villager (Male) |
| 11:04 | Crear | Villager (Male) |
| 11:04 | Crear | Villager (Male) |
| 12:09 | Crear | Villager (Male) |
| 12:46 | Crear | Villager (Male) |
| 12:46 | Crear | Villager (Male) |
| 12:49 | Construir | Mill |
| 13:04 | Construir | Palisade Wall |
| 13:13 | Construir | Palisade Gate |
| 13:22 | Construir | Palisade Gate |
| 13:27 | Construir | Palisade Gate |
| 13:43 | Crear | Villager (Male) |
| 13:43 | Crear | Villager (Male) |
| 13:44 | Crear | Villager (Male) |
| 14:02 | Crear | Villager (Male) |
| 14:33 | Construir | Lumber Camp |
| 14:36 | Construir | House |
| 15:42 | Crear | Villager (Male) |
| 15:48 | Construir | House |
| 15:49 | Construir | House |
| 15:51 | Construir | Farm |
| 15:52 | Construir | Farm |
| 15:54 | Construir | Farm |
| 15:54 | Construir | Farm |
| 15:55 | Construir | Farm |
| 15:55 | Construir | Farm |
| 15:55 | Construir | Farm |
| 15:57 | Crear | Villager (Male) |
| 16:15 | Construir | Farm |
| 16:15 | Construir | Farm |
| 16:16 | Construir | Farm |
| 16:32 | Crear | Villager (Male) |
| 16:33 | Construir | Farm |
| 16:47 | Construir | Farm |
| 16:47 | Construir | Farm |
| 16:47 | Construir | Farm |
| 16:52 | Crear | Villager (Male) |
| 17:01 | Construir | Farm |
| 17:09 | Construir | House |
| 17:13 | Construir | House |
| 17:22 | Crear | Villager (Male) |
| 17:28 | Construir | Farm |
| 17:29 | Construir | Farm |
| 17:46 | Crear | Villager (Male) |
| 17:57 | Construir | Mining Camp |
| 17:58 | Crear | Villager (Male) |
| 18:27 | Construir | Mill |
| 18:35 | Investigar | Feudal Age |
| 19:50 | Construir | Lumber Camp |
| 20:17 | Construir | Lumber Camp |
| 20:51 | Edad | Edad Feudal |
| 20:52 | Crear | Villager (Male) |
| 20:53 | Crear | Villager (Male) |
| 20:57 | Construir | Market |
| 20:58 | Construir | Blacksmith |
| 21:40 | Investigar | Castle Age |
| 21:40 | Investigar | Castle Age |
| 22:10 | Construir | Mining Camp |
| 22:15 | Investigar | Stone Mining |
| 22:16 | Investigar | Double-Bit Axe |
| 22:18 | Investigar | Horse Collar |
| 22:53 | Investigar | Wheelbarrow |
| 23:19 | Construir | Barracks |
| 23:30 | Investigar | Gold Mining |
| 24:22 | Edad | Edad de los Castillos |
| 24:31 | Construir | Castle |
| 24:48 | Investigar | Bow Saw |
| 24:56 | Investigar | Heavy Plow |
| 25:23 | Construir | Castle |
| 25:46 | Construir | Gate |
| 26:12 | Construir | House |
| 26:35 | Construir | Palisade Gate |
| 26:57 | Crear | Villager (Male) |
| 26:57 | Crear | Villager (Male) |
| 27:39 | Crear | Villager (Male) |
| 28:04 | Construir | House |
| 28:08 | Construir | Palisade Wall |
| 28:25 | Crear | Villager (Male) |
| 28:26 | Crear | Villager (Male) |
| 28:26 | Crear | Villager (Male) |
| 28:42 | Crear | Urumi Swordsman |
| 28:42 | Crear | Urumi Swordsman |
| 28:43 | Crear | Urumi Swordsman |
| 28:47 | Construir | Siege Workshop |
| 29:21 | Crear | Urumi Swordsman |
| 29:26 | Crear | Urumi Swordsman |
| 29:27 | Crear | Urumi Swordsman |
| 29:36 | Crear | Villager (Male) |
| 29:55 | Crear | Urumi Swordsman |
| 29:55 | Crear | Urumi Swordsman |
| 30:05 | Investigar | Fletching |
| 30:21 | Crear | Urumi Swordsman |
| 30:22 | Crear | Urumi Swordsman |
| 30:23 | Crear | Villager (Male) |
| 30:23 | Crear | Villager (Male) |
| 30:28 | Construir | Town Center |
| 30:37 | Crear | Urumi Swordsman |
| 30:51 | Crear | Urumi Swordsman |
| 30:51 | Crear | Urumi Swordsman |
| 30:51 | Crear | Urumi Swordsman |
| 31:03 | Crear | Villager (Male) |
| 31:19 | Crear | Urumi Swordsman |
Build order — Aten
Primeras 150 de 254 acciones detectadas
| 0:01 | Crear | Villager (Male) |
| 0:02 | Crear | Villager (Male) |
| 0:03 | Construir | House |
| 0:03 | Construir | House |
| 0:12 | Crear | Villager (Male) |
| 0:12 | Crear | Villager (Male) |
| 1:36 | Crear | Villager (Male) |
| 1:36 | Crear | Villager (Male) |
| 1:56 | Investigar | Loom |
| 2:05 | Construir | House |
| 2:09 | Crear | Villager (Male) |
| 2:39 | Crear | Villager (Male) |
| 2:39 | Crear | Villager (Male) |
| 2:51 | Crear | Villager (Male) |
| 3:39 | Crear | Villager (Male) |
| 3:40 | Crear | Villager (Male) |
| 3:44 | Crear | Villager (Male) |
| 3:44 | Crear | Villager (Male) |
| 4:27 | Crear | Villager (Male) |
| 4:27 | Crear | Villager (Male) |
| 4:49 | Crear | Villager (Male) |
| 4:50 | Crear | Villager (Male) |
| 4:53 | Construir | Lumber Camp |
| 5:46 | Crear | Villager (Male) |
| 5:46 | Crear | Villager (Male) |
| 6:07 | Construir | House |
| 6:23 | Crear | Villager (Male) |
| 6:24 | Crear | Villager (Male) |
| 7:01 | Crear | Villager (Male) |
| 7:01 | Crear | Villager (Male) |
| 7:10 | Construir | Mill |
| 7:12 | Construir | Mill |
| 7:25 | Crear | Villager (Male) |
| 7:49 | Crear | Villager (Male) |
| 7:50 | Crear | Villager (Male) |
| 8:16 | Crear | Villager (Male) |
| 8:21 | Construir | House |
| 8:36 | Crear | Villager (Male) |
| 8:36 | Crear | Villager (Male) |
| 8:42 | Crear | Villager (Male) |
| 8:45 | Construir | House |
| 9:22 | Crear | Villager (Male) |
| 9:56 | Crear | Villager (Male) |
| 9:56 | Crear | Villager (Male) |
| 10:34 | Crear | Villager (Male) |
| 10:34 | Crear | Villager (Male) |
| 11:03 | Crear | Villager (Male) |
| 11:03 | Crear | Villager (Male) |
| 11:48 | Crear | Villager (Male) |
| 11:48 | Crear | Villager (Male) |
| 11:58 | Crear | Villager (Male) |
| 11:58 | Crear | Villager (Male) |
| 12:13 | Crear | Villager (Male) |
| 12:14 | Crear | Villager (Male) |
| 12:44 | Crear | Villager (Male) |
| 12:44 | Crear | Villager (Male) |
| 13:03 | Crear | Villager (Male) |
| 13:03 | Crear | Villager (Male) |
| 13:57 | Crear | Villager (Male) |
| 14:48 | Construir | Farm |
| 14:49 | Construir | Farm |
| 14:57 | Crear | Villager (Male) |
| 14:57 | Crear | Villager (Male) |
| 15:17 | Construir | Farm |
| 15:20 | Construir | Farm |
| 15:25 | Crear | Villager (Male) |
| 15:25 | Crear | Villager (Male) |
| 15:47 | Construir | Farm |
| 15:47 | Crear | Villager (Male) |
| 15:48 | Crear | Villager (Male) |
| 16:01 | Crear | Villager (Male) |
| 16:02 | Crear | Villager (Male) |
| 16:12 | Crear | Villager (Male) |
| 16:12 | Crear | Villager (Male) |
| 16:38 | Construir | Farm |
| 16:39 | Crear | Villager (Male) |
| 17:11 | Construir | Palisade Wall |
| 17:20 | Crear | Villager (Male) |
| 17:31 | Construir | Farm |
| 17:32 | Crear | Villager (Male) |
| 18:00 | Construir | Farm |
| 18:00 | Crear | Villager (Male) |
| 18:02 | Construir | House |
| 18:25 | Crear | Villager (Male) |
| 18:32 | Construir | House |
| 18:37 | Crear | Villager (Male) |
| 19:02 | Crear | Villager (Male) |
| 19:04 | Construir | Farm |
| 19:05 | Construir | Mining Camp |
| 19:39 | Crear | Villager (Male) |
| 19:41 | Investigar | Feudal Age |
| 20:05 | Crear | Villager (Male) |
| 20:06 | Crear | Villager (Male) |
| 21:23 | Construir | Barracks |
| 21:53 | Crear | Villager (Male) |
| 22:10 | Edad | Edad Feudal |
| 22:16 | Crear | Militia |
| 22:16 | Crear | Militia |
| 22:24 | Construir | Market |
| 22:26 | Construir | Blacksmith |
| 22:57 | Construir | Barracks |
| 23:04 | Investigar | Double-Bit Axe |
| 23:05 | Investigar | Horse Collar |
| 23:31 | Investigar | Castle Age |
| 23:32 | Investigar | Castle Age |
| 23:41 | Construir | Farm |
| 23:44 | Construir | Farm |
| 23:45 | Construir | Farm |
| 23:49 | Construir | Farm |
| 23:53 | Construir | Farm |
| 23:55 | Construir | Farm |
| 24:08 | Crear | Spearman |
| 24:09 | Crear | Spearman |
| 24:14 | Crear | Villager (Male) |
| 24:33 | Investigar | Scale Mail Armor |
| 24:39 | Construir | Farm |
| 24:39 | Construir | Farm |
| 24:44 | Construir | Farm |
| 24:44 | Construir | Farm |
| 24:58 | Crear | Spearman |
| 26:08 | Crear | Villager (Male) |
| 26:09 | Crear | Villager (Male) |
| 26:11 | Edad | Edad de los Castillos |
| 26:37 | Construir | Monastery |
| 26:55 | Crear | Villager (Male) |
| 27:12 | Crear | Monk |
| 27:12 | Crear | Monk |
| 27:40 | Construir | Monastery |
| 27:41 | Crear | Villager (Male) |
| 27:41 | Crear | Villager (Male) |
| 27:44 | Construir | Town Center |
| 28:11 | Crear | Monk |
| 28:30 | Construir | Gate |
| 28:48 | Crear | Villager (Male) |
| 28:49 | Crear | Villager (Male) |
| 28:55 | Construir | Siege Workshop |
| 29:04 | Construir | Farm |
| 29:04 | Construir | Farm |
| 29:05 | Construir | Farm |
| 29:05 | Construir | Farm |
| 29:05 | Construir | Farm |
| 29:05 | Construir | Farm |
| 29:06 | Construir | Farm |
| 29:06 | Construir | Farm |
| 29:11 | Crear | Villager (Male) ×2 |
| 29:16 | Crear | Villager (Male) |
| 29:44 | Crear | Villager (Male) |
| 29:44 | Crear | Villager (Male) |
| 29:53 | Crear | Mangonel |
| 29:53 | Crear | Mangonel |
Cronología de la partida
| 1:16 | Cr0mo · wall_segment Palisade Wall x2 |
| 1:18 | Cr0mo · wall_segment Palisade Wall x6 |
| 2:07 | PUB | Steak · wall_segment Palisade Wall x1 |
| 2:07 | PUB | Steak · wall_segment Palisade Wall x1 |
| 2:13 | PUB | Steak · wall_segment Palisade Wall x1 |
| 2:13 | PUB | Steak · wall_segment Palisade Wall x1 |
| 2:19 | PUB | Steak · wall_segment Palisade Wall x1 |
| 4:25 | PUB | Steak · wall_segment Palisade Wall x1 |
| 4:26 | PUB | Steak · wall_segment Palisade Wall x1 |
| 4:27 | PUB | Steak · wall_segment Palisade Wall x1 |
| 4:28 | PUB | Steak · wall_segment Palisade Wall x1 |
| 4:59 | s · wall_segment Palisade Wall x1 |
| 5:00 | s · wall_segment Palisade Wall x1 |
| 5:02 | s · wall_segment Palisade Wall x1 |
| 5:05 | PUB | Steak · wall_segment Palisade Wall x1 |
| 5:08 | PUB | Steak · wall_segment Palisade Wall x1 |
| 5:17 | s · wall_segment Palisade Wall x1 |
| 5:21 | s · wall_segment Palisade Wall x1 |
| 5:54 | PUB | Steak · wall_segment Palisade Wall x1 |
| 5:54 | CAPTAINKILL · wall_segment Palisade Wall x1 |
| 5:56 | CAPTAINKILL · wall_segment Palisade Wall x1 |
| 6:00 | CAPTAINKILL · wall_segment Palisade Wall x1 |
| 6:11 | PUB | Steak · wall_segment Palisade Wall x1 |
| 6:11 | CAPTAINKILL · wall_segment Palisade Wall x1 |
| 6:19 | Cr0mo · first_building Barracks |
| 6:28 | CAPTAINKILL · wall_segment Palisade Wall x12 |
| 7:08 | s · wall_segment Palisade Wall x1 |
| 7:36 | PUB | Steak · wall_segment Palisade Wall x2 |
| 7:37 | PUB | Steak · wall_segment Palisade Wall x6 |
| 7:43 | CAPTAINKILL · wall_segment Palisade Wall x1 |
| 8:18 | PUB | Steak · first_building Barracks |
| 8:27 | Hui · first_building Barracks |
| 8:48 | PUB | Steak · wall_segment Palisade Wall x4 |
| 8:52 | PUB | Steak · wall_segment Palisade Wall x3 |
| 8:59 | PUB | Steak · wall_segment Palisade Wall x1 |
| 9:01 | PUB | Steak · wall_segment Palisade Wall x1 |
| 9:06 | PUB | Steak · wall_segment Palisade Wall x1 |
| 9:08 | PUB | Steak · wall_segment Palisade Wall x1 |
| 9:09 | PUB | Steak · wall_segment Palisade Wall x1 |
| 9:24 | Cr0mo · age_up feudal |
| 9:36 | PUB | Steak · wall_segment Palisade Wall x7 |
| 9:39 | PUB | Steak · wall_segment Palisade Wall x4 |
| 9:41 | Hui · age_up feudal |
| 9:44 | Hui · first_building Stable |
| 9:45 | Nephthys123 · first_building Barracks |
| 9:55 | PUB | Steak · wall_segment Palisade Wall x1 |
| 9:55 | PUB | Steak · wall_segment Palisade Wall x1 |
| 10:08 | Tusky · wall_segment Palisade Wall x1 |
| 10:09 | s · wall_segment Palisade Wall x1 |
| 10:09 | Cr0mo · first_building Archery Range |
| 10:12 | PUB | Steak · wall_segment Palisade Wall x1 |
| 10:26 | CAPTAINKILL · wall_segment Palisade Wall x2 |
| 10:31 | PUB | Steak · age_up feudal |
| 10:48 | PUB | Steak · first_building Archery Range |
| 11:04 | Nephthys123 · age_up feudal |
| 11:06 | Nephthys123 · first_building Stable |
| 11:13 | Cr0mo · wall_segment Palisade Wall x4 |
| 11:21 | Tusky · age_up feudal |
| 12:24 | Hui · wall_segment Stone Wall x6 |
| 12:39 | Hui · wall_segment Stone Wall x7 |
| 12:43 | Hui · wall_segment Stone Wall x10 |
| 13:04 | CAPTAINKILL · wall_segment Palisade Wall x6 |
| 13:26 | PUB | Steak · wall_segment Palisade Wall x1 |
| 13:49 | s · age_up feudal |
| 15:00 | Tusky · age_up castle |
| 15:18 | Nephthys123 · age_up castle |
| 15:37 | Tusky · first_building Castle |
| 15:58 | Nephthys123 · first_building Siege Workshop |
| 16:03 | Tusky · wall_segment Stone Wall x7 |
| 16:15 | s · first_market_buy 100 food |
| 16:38 | Tusky · wall_segment Stone Wall x8 |
| 17:10 | s · wall_segment Stone Wall x8 |
| 17:11 | Aten · wall_segment Palisade Wall x1 |
| 17:53 | Hui · wall_segment Stone Wall x8 |
| 18:07 | s · age_up castle |
| 18:10 | Hui · wall_segment Stone Wall x11 |
| 18:21 | Hui · wall_segment Stone Wall x1 |
| 18:26 | Hui · wall_segment Stone Wall x1 |
| 18:39 | Tusky · wall_segment Stone Wall x4 |
| 18:41 | Tusky · wall_segment Stone Wall x9 |
| 18:45 | Hui · wall_segment Stone Wall x1 |
| 18:51 | Tusky · wall_segment Stone Wall x4 |
| 18:57 | Hui · wall_segment Stone Wall x1 |
| 19:01 | Hui · wall_segment Stone Wall x1 |
| 19:02 | Tusky · first_market_buy 100 food |
| 19:14 | PUB | Steak · first_market_sell 100 wood |
| 19:20 | Tusky · wall_segment Stone Wall x8 |
| 19:21 | Tusky · wall_segment Stone Wall x2 |
| 19:21 | Cr0mo · wall_segment Palisade Wall x1 |
| 19:22 | Cr0mo · wall_segment Palisade Wall x1 |
| 19:22 | s · wall_segment Stone Wall x7 |
| 19:44 | Tusky · wall_segment Stone Wall x1 |
| 20:03 | Tusky · first_market_sell 100 wood |
| 20:18 | s · first_building Castle |
| 20:37 | PUB | Steak · first_market_buy 100 stone |
| 20:44 | s · wall_segment Stone Wall x3 |
| 20:45 | s · wall_segment Stone Wall x2 |
| 20:47 | s · wall_segment Stone Wall x4 |
| 20:51 | CAPTAINKILL · age_up feudal |
| 21:23 | Aten · first_building Barracks |
| 21:34 | Hui · age_up castle |
| 22:00 | PUB | Steak · age_up castle |
| 22:10 | Aten · age_up feudal |
| 23:19 | CAPTAINKILL · first_building Barracks |
| 24:10 | PUB | Steak · first_building Monastery |
| 24:12 | Hui · wall_segment Stone Wall x1 |
| 24:14 | CAPTAINKILL · first_market_sell 100 food |
| 24:16 | CAPTAINKILL · first_market_buy 100 stone |
| 24:22 | CAPTAINKILL · age_up castle |
| 24:31 | CAPTAINKILL · first_building Castle |
| 25:31 | Hui · first_building Monastery |
| 26:11 | Aten · age_up castle |
| 26:37 | Aten · first_building Monastery |
| 27:14 | PUB | Steak · wall_segment Stone Wall x8 |
| 27:19 | Hui · wall_segment Stone Wall x1 |
| 27:25 | PUB | Steak · wall_segment Stone Wall x8 |
| 27:47 | PUB | Steak · first_building Siege Workshop |
| 27:55 | Tusky · wall_segment Stone Wall x4 |
| 27:58 | Cr0mo · age_up castle |
| 28:08 | CAPTAINKILL · wall_segment Palisade Wall x1 |
| 28:37 | Cr0mo · first_market_buy 100 stone |
| 28:47 | CAPTAINKILL · first_building Siege Workshop |
| 28:52 | Hui · first_building Siege Workshop |
| 28:55 | Aten · first_building Siege Workshop |
| 29:10 | Aten · first_market_buy 100 food |
| 29:37 | Tusky · first_building Barracks |
| 29:37 | PUB | Steak · wall_segment Stone Wall x11 |
| 30:30 | s · first_building Monastery |
| 30:30 | Tusky · first_building Stable |
| 30:31 | PUB | Steak · wall_segment Stone Wall x10 |
| 30:44 | Nephthys123 · first_building Castle |
| 30:59 | Aten · first_market_sell 100 wood |
| 31:13 | PUB | Steak · wall_segment Stone Wall x2 |
| 32:02 | PUB | Steak · first_building Stable |
| 32:21 | s · first_building Barracks |
| 32:26 | PUB | Steak · first_building Castle |
| 32:46 | Cr0mo · first_building Monastery |
| 33:17 | PUB | Steak · age_up imperial |
| 34:16 | Hui · first_building Archery Range |
| 34:18 | s · wall_segment Stone Wall x3 |
| 34:21 | s · wall_segment Stone Wall x7 |
| 34:34 | s · first_building Archery Range |
| 35:34 | Nephthys123 · age_up imperial |
| 36:01 | s · wall_segment Stone Wall x9 |
| 36:15 | s · wall_segment Stone Wall x5 |
| 36:59 | s · wall_segment Stone Wall x8 |
| 37:10 | Cr0mo · first_building Castle |
| 37:18 | s · wall_segment Stone Wall x4 |
| 37:41 | Tusky · age_up imperial |
| 37:45 | s · wall_segment Stone Wall x1 |
| 37:50 | s · wall_segment Stone Wall x1 |
| 37:53 | s · wall_segment Stone Wall x4 |
| 37:54 | s · wall_segment Stone Wall x6 |
| 37:58 | Nephthys123 · first_market_sell 100 wood |
| 38:43 | Hui · age_up imperial |
| 38:55 | Cr0mo · first_market_sell 100 food |
| 39:26 | Hui · wall_segment Stone Wall x9 |
| 39:26 | s · age_up imperial |
| 40:41 | CAPTAINKILL · wall_segment Palisade Wall x1 |
| 40:49 | CAPTAINKILL · wall_segment Palisade Wall x1 |
| 40:55 | Hui · first_building Castle |
| 41:07 | s · wall_segment Stone Wall x12 |
| 41:18 | Cr0mo · resign |
| 41:26 | s · wall_segment Stone Wall x2 |
| 41:39 | s · wall_segment Stone Wall x11 |
| 41:50 | Nephthys123 · first_building Archery Range |
[ ANÁLISIS IA · 1 CRÉDITO ]
¿Qué pasó realmente en esta partida?
Wolo.gg analiza cada decisión: build order, eco, micro, errores típicos por bracket. Análisis personalizado por WhatsApp o Discord en 30 segundos.
Guía civ
Chinos
Perfil
Jugador #19905099